 Dungeon Crawl Stone Soup version 0.19-a0-1254-gb9c29c0 (webtiles) character file.

539 poirepourri the Archer (level 7, 0/45 HPs)
             Began as a High Elf Hunter on Aug 27, 2016.
             Slain by Grinder (1 damage)
             ... on level 5 of the Dungeon.
             The game lasted 00:10:37 (6272 turns).

poirepourri the Archer (High Elf Hunter)            Turns: 6272, Time: 00:10:38

Health: 0/45       AC: 15    Str: 12    XL:     7   Next: 5%
Magic:  8/8        EV: 11    Int: 20    God:
Gold:   222        SH:  0    Dex: 17    Spells: 0 memorised, 6 levels left

rFire  x . .     SeeInvis +     a - +2 shortbow
rCold  + . .     Gourm    .     x - +5 scale mail of Contentment {rN+ Int+5}
rNeg   + . .     Faith    .     (shield currently unavailable)
rPois  .         Spirit   .     p - +1 helmet
rElec  .         Dismiss  .     v - +0 cloak
rCorr  .         Reflect  .     k - +0 pair of gloves
MR     .....     Harm     .     (no boots)
Stlth  +.........               (no amulet)
                                w - ring of ice
                                j - ring of see invisible

@: no status effects
A: no striking features
a: no special abilities


You were on level 5 of the Dungeon.
You were not hungry.

You visited 1 branch of the dungeon, and saw 5 of its levels.

You collected 222 gold pieces.

Inventory:

Hand Weapons
 a - a +2 shortbow (weapon)
 b - a +0 short sword
Missiles
 d - 9 arrows (quivered)
 e - 7 javelins
Armour
 c - a +0 leather armour
 k - a +0 pair of gloves (worn)
 p - a +1 helmet (worn)
 v - a +0 cloak (worn)
 x - the +5 scale mail of Contentment (worn) {rN+ Int+5}
   (You found it on level 4 of the Dungeon)

   It affects your intelligence (+5).
   It protects you from negative energy.
Jewellery
 j - a ring of see invisible (left hand)
 l - an uncursed ring of magical power
 u - an uncursed ring of magical power
 w - a ring of ice (right hand)
Wands
 i - a wand of random effects (44/48)
Scrolls
 s - a scroll of remove curse
 t - a scroll of recharging
Potions
 n - a potion of brilliance
 o - a potion of cancellation
Books
 q - a book of Frost

   Spells                             Type                      Level
   a - Freeze                         Ice                          1
   b - Throw Frost                    Conjuration/Ice              2
   c - Ozocubu's Armour               Charms/Ice                   3
   d - Throw Icicle                   Conjuration/Ice              4
   e - Summon Ice Beast               Ice/Summoning                4
 r - a book of Cantrips

   Spells                             Type                      Level
   a - Confusing Touch                Hexes                        1
   b - Animate Skeleton               Necromancy                   1
   c - Summon Small Mammal            Summoning                    1
   d - Apportation                    Translocation                1
Comestibles
 f - 5 bread rations
 g - a meat ration


   Skills:
 + Level 2.4 Fighting
 + Level 1.0 Short Blades
 + Level 9.6 Bows
 - Level 0.1 Armour
 + Level 4.6 Dodging
 - Level 1.1 Stealth


You had 6 spell levels left.
You didn't know any spells.

Dungeon Overview and Level Annotations

Branches:
Dungeon (5/15)
 Temple: D:4-7

Altars:
Okawaru
Trog

Annotations:
D:4 George's ghost, novice HOFi
D:5 Grinder


Message History

Press: ? - help, Shift-Dir - straight line, f/p - Grinder
Aim: Grinder (severely wounded)
You shoot an arrow.
The arrow hits Grinder but does no damage.
Grinder is severely wounded.
The centaur barely misses you. The orc hits you with a war axe!
* * * LOW HITPOINT WARNING * * *
The centaur hits you.
* * * LOW HITPOINT WARNING * * *
Okay, then.
As you read the scroll of fog, it crumbles to dust.
The scroll dissolves into smoke.
The centaur misses you. The orc hits you with a war axe.
* * * LOW HITPOINT WARNING * * *
The centaur hits you but does no damage.
Grinder grins, showing sharp teeth.
Grinder hits you!
* * * LOW HITPOINT WARNING * * *
You writhe in agony.
You die...

#.............
#............#
#..............
#............#
c.......... #..
#####....#######
#..........
#..##(###....##....#
#..(##...)
#.......#..........##
##.(##
...##...(...#............
##..<#
......§(§..#............
.....#
......c5§§.'............
....##
.##(§o@§§.#............
##..#
##§######+#######†<##
##..+ #( #..# ....# '(
.........# ....# +#####
.........+ ##..##.....#
#######..# ##.........#
#..# #........... +...
#...##.....# #...


You could see Grinder, a centaur and an orc.

Vanquished Creatures
  A phantom (D:5)
  A howler monkey (D:4)
  3 hounds (D:4)
  Terence (D:3)
  An iguana (D:4)
  3 worker ants
  7 adders
  2 oozes
  An adder skeleton (D:5)
  3 worms
  2 dart slugs
  7 giant geckos
  9 orcs
  4 giant cockroaches
  6 goblins
  6 hobgoblins
  8 jackals
  10 kobolds
  5 quokkas
  A ball python (D:4)
  14 bats
  4 giant newts
  7 rats
106 creatures vanquished.

Notes
Turn   | Place    | Note
-------+----------+-------------------------------------------
     0 | D:1      | poirepourri the High Elf Hunter began the quest for the Orb.
     0 | D:1      | Reached XP level 1. HP: 14/14 MP: 2/2
   139 | D:1      | Reached XP level 2. HP: 19/19 MP: 3/3
   494 | D:1      | Reached skill level 6 in Bows
   776 | D:2      | Reached XP level 3. HP: 24/24 MP: 4/4
  1337 | D:2      | Reached skill level 7 in Bows
  1404 | D:2      | Reached XP level 4. HP: 27/29 MP: 5/5
  1696 | D:3      | Noticed Terence
  1704 | D:3      | Noticed an ice beast
  1715 | D:3      | Found an iron altar of Okawaru.
  2609 | D:3      | Killed Terence
  2609 | D:3      | Reached XP level 5. HP: 28/34 MP: 6/6
  3142 | D:2      | Reached skill level 8 in Bows
  3368 | D:3      | Found a bloodstained altar of Trog.
  4063 | D:4      | Noticed George's ghost (novice HOFi)
  4327 | D:4      | Reached XP level 6. HP: 39/39 MP: 7/7
  4343 | D:4      | Reached skill level 9 in Bows
  4994 | D:4      | Got a spiked scale mail
  5306 | D:4      | Identified the +5 scale mail of Contentment {rN+ Int+5} (You found it on level 4 of the Dungeon)
  5439 | D:5      | Entered Level 5 of the Dungeon
  5612 | D:5      | Noticed Grinder
  5612 | D:5      | Paralysed by Grinder for 6 turns
  5887 | D:4      | Reached XP level 7. HP: 24/45 MP: 8/8
  6259 | D:5      | Reached skill level 1 in Short Blades
  6263 | D:5      | Paralysed by Grinder for 3 turns
  6272 | D:5      | HP: 1/45 [Grinder (8)]
  6272 | D:5      | Slain by Grinder

Vault maps used:
D:1:      minmay_arrival_wavy_path, serial_bayou_lake_a
D:3:      okawaru_gym_becter, nicolae_overflow_hidden_temple, uniq_terence
D:4:      minmay_cut_off
D:5:      lemuel_coloured_pillars_altar, first_bread, elyvilon_altar_5,
          uniq_grinder

Skill      XL: |  1  2  3  4  5  6  7 |
---------------+----------------------+-----
Bows           | 6 7 8 9 |  9.6
Dodging        | 3 4 |  4.6
Short Blades   | 1 |  1.0
Fighting       | |  2.4
Armour         | |  0.1
Stealth        | |  1.1

Action                   |  1- 3 |  4- 6 |  7- 9 || total
-------------------------+-------+-------+-------++-------
Melee: Short sword       |     4 |   133 |    10 ||   147
 Fire: Shortbow          |   101 |   193 |    24 ||   318
Throw: Javelin           |       |     3 |     1 ||     4
  Use: Scroll            |       |    20 |     1 ||    21
       Potion            |       |     2 |       ||     2
  Eat: Beef jerky        |     1 |       |       ||     1
       Meat ration       |       |     2 |       ||     2
       Bread ration      |       |     1 |       ||     1
       Royal jelly       |       |     1 |       ||     1
Armor: Leather armour    |     7 |    89 |       ||    96
       Scale mail        |       |    44 |    16 ||    60
Dodge: Dodged            |    32 |   209 |    14 ||   255
